AoeStats
← Fish745

Arabia

510071037Analyzed
1v1 RM · 3d ago on Sep 29, 2026· 20m 2s· 2 players
Game mode
Random Map
Map size
Tiny (2 player)
Population
200
Speed
Normal
Resources
Standard
Victory
Conquest
Starting age
Dark Age
Ending age
Imperial Age
RankedLock teamsTeams togetherTeam positionsShared explorationLock speedFull tech treeHidden civsTurbo modeCheats
Victory
Defeat
🇳🇿 Saxons · New Zealand
1416
+15
🇳🇿 Armenians · New Zealand
1387
-15
Misc_Leopard
7:18 Loom
9:29 Feudal Age
10:07 Double-Bit Axe
10:42 Man-at-Arms
12:56 Gold Mining
16:16 Fletching
19:08 Long Swordsman
Fish745
7:44 Loom
10:44 Feudal Age
15:01 Castle Age
17:34 Scale Mail Armor
Connection lost

Rejoining the realm…

Still unreachable

The connection could not be restored.

Session expired

The server has moved on; the page needs a fresh start.